 Dungeon Crawl Stone Soup version 0.29-a0-330-g52719c12eb (webtiles) character file.

Game seed: 13908386980797996928

7950 kae the Transmogrifier (level 11, -8/90 (110) HPs)
             Began as a Pale Draconian Transmuter on May 15, 2022.
             Was a Follower of Ru.
             Mangled by a skeletal warrior
             ... wielding a +0 flail of draining
             ... led by a skeletal warrior
              (25 damage)
             ... on level 11 of the Dungeon.
             The game lasted 00:09:39 (12162 turns).

kae the Transmogrifier (Pale Draconian Transmuter) Turns: 12162, Time: 00:09:40

HP:   -8/90 (110)   AC:  8    Str: 13    XL:     11   Next: 3%
MP:   18/20         EV: 12    Int: 17    God:    Ru [*.....]
Gold: 1623          SH:  0    Dex: 12    Spells: 13/23 levels left

rFire   x . .      SeeInvis +     - Unarmed
rCold   + + +      Faith    .   (shield currently unavailable)
rNeg    . . .      Spirit   .   (body armour unavailable)
rPois   +          Reflect  .   (helmet currently unavailable)
rElec   .          Harm     .   (cloak currently unavailable)
rCorr   .          Rampage  .   (gloves currently unavailable)
Will    .....                   (boots currently unavailable)
Stlth   +.........              n - amulet of regeneration
HPRegen 1.05/turn               v - ring "Hyviciw" {Fly SInv}
MPRegen 0.17/turn               (no ring)

@: ice-form, flying, heavily drained
A: freezing attack, amphibious, boosted hp, (breathe steam), AC +7, large,
unfitting armour, (cold-blooded), weak-willed 1, (steam resistance), (beak),
passive freeze
a: End Transformation, Renounce Religion


You were on level 11 of the Dungeon.
You worshipped Ru.
Ru was aware of your devotion.
You were a creature of crystalline ice.
You visited 2 branches of the dungeon, and saw 12 of its levels.

You collected 1623 gold pieces.

Inventory:

Armour
 k - a +1 cloak (melded)
 l - the +0 buckler of the Hot Ocelot {Harm Dex+4 SInv}
   (You found it on level 2 of the Dungeon)

   Dex:       It affects your dexterity (+4).
   SInv:      It lets you see invisible.
   Harm:      It increases damage dealt and taken.
Jewellery
 n - an amulet of regeneration (around neck)
 r - an amulet of magic regeneration
 v - the ring "Hyviciw" (left front paw) {Fly SInv}
   (You acquired it on level 10 of the Dungeon)

   [ring of flight]

   SInv:      It lets you see invisible.
   Fly:       It grants you flight.
Wands
 h - a wand of flame (45)
 i - a wand of iceblast (7)
 p - a wand of paralysis (9)
 s - a wand of digging (7)
Scrolls
 b - a scroll of enchant armour
 f - 5 scrolls of identify
 g - 2 scrolls of noise
 j - 2 scrolls of vulnerability
 m - 2 scrolls of fear
 o - a scroll of teleportation
 q - a scroll of enchant weapon
 w - a scroll of silence
 x - a scroll of fog
Potions
 a - 6 potions of curing
 c - a potion of heal wounds
 d - 2 potions of berserk rage
 e - 2 potions of resistance
 t - 7 potions of ambrosia
 u - a potion of might


   Skills:
 + Level 7.0 Fighting
 + Level 6.1 Dodging
 - Level 7.5 Unarmed Combat
 - Level 6.5 Spellcasting
 - Level 10.1 Transmutations
 - Level 4.0 Ice Magic
 - Level 1.0 Poison Magic


You had 13 spell levels left.
You knew the following spells:

 Your Spells              Type           Power      Damage    Failure   Level
a - Beastly Appendage     Tmut           80%        N/A       1%          1
b - Wereblood             Tmut           40%        N/A       1%          2
c - Spider Form           Tmut/Pois      24%        N/A       3%          3
d - Ice Form              Ice/Tmut       29%        N/A       7%          4

Your spell library contained the following spells:

 Spells                   Type           Power      Damage    Failure   Level
 Blade Hands              Tmut           20%        N/A       5%          5
 Animate Skeleton         Necr           10%        N/A       12%         1
 Apportation              Tloc           10%        N/A       12%         1
 Pain                     Necr           20%        1d5       12%         1
 Summon Small Mammal      Summ           20%        N/A       12%         1
 Alistair's Intoxication  Tmut/Pois      16%        N/A       34%         5
 Portal Projectile        Hex/Tloc       10%        N/A       36%         3
 Stone Arrow              Conj/Erth      10%        3d7       36%         3
 Tukima's Dance           Hex            5%         N/A       36%         3
 Vampiric Draining        Necr           5%         2d6       36%         3
 Anguish                  Hex/Necr       2%         N/A       77%         4
 Excruciating Wounds      Necr           2%         N/A       98%         5
 Enfeeble                 Hex            2%         N/A       100%        7
 Lehudib's Crystal Spear  Conj/Erth      2%         10d2      100%        8
 Animate Armour           Summ/Erth      Unusable   N/A       N/A         4

Dungeon Overview and Level Annotations

Branches:
Dungeon (11/15)            Temple (1/1) D:5
   Lair: D:8-11         Orc: D:9-12

Altars:
Ashenzari
Cheibriados
Dithmenos
Elyvilon
Fedhas
Gozag
Hepliaklqana
Kikubaaqudgha
Makhleb
Nemelex Xobeh
Okawaru
Qazlal
Ru
Sif Muna
Trog
Uskayaw
Vehumet
Wu Jian
Xom
Yredelemnul
Zin
The Shining One

Shops:
D:4 (   D:7 (


Innate Abilities, Weirdness & Mutations

You are a creature of crystalline ice.
You have a powerful freezing melee attack.
You are amphibious.
Your maximum health is increased.
Your armour is entirely melded.
You are incapable of wielding weapons or throwing items.
((You can breathe blasts of scalding, opaque steam.))
((Your pale cyan-grey scales are hard. (AC +7)))
You cannot fit into any form of body armour.
((You are cold-blooded and may be slowed by cold attacks.))
You are slightly weak-willed. (Will-)
((You are immune to the effects of steam.))
((You have a beak for a mouth.))
A frigid envelope surrounds you and freezes all who hurt you.


Message History

The skeletal warrior is moderately damaged.
You hit the skeletal warrior.
The skeletal warrior is moderately damaged.
The skeletal warrior hits you with a +0 flail of draining!!
You feel drained.
The skeletal warrior completely resists.
You completely miss the skeletal warrior.
The skeletal warrior is moderately damaged.
You hit the skeletal warrior but do no damage.
The skeletal warrior is moderately damaged.
The skeletal warrior hits you with a +0 flail of draining!
You feel drained.
The skeletal warrior resists.
The skeletal warrior is very cold.
The skeletal warrior is moderately damaged.
You are too injured to fight recklessly!
You are too injured to fight recklessly!
You barely miss the skeletal warrior.
The skeletal warrior is moderately damaged.
The skeletal warrior hits you with a +0 flail of draining!
You feel drained.
The skeletal warrior resists.
The skeletal warrior is very cold.
The skeletal warrior is moderately damaged.
You hit the skeletal warrior but do no damage.
The skeletal warrior is moderately damaged.
The skeletal warrior hits you with a +0 flail of draining!
You feel drained.
The skeletal warrior resists.
The skeletal warrior is very cold.
The skeletal warrior is heavily damaged.
You barely miss the skeletal warrior.
The skeletal warrior is heavily damaged.
The skeletal warrior hits you with a +0 flail of draining!
* * * LOW HITPOINT WARNING * * *
You feel drained.
* * * LOW HITPOINT WARNING * * *
The skeletal warrior resists.
The skeletal warrior is very cold.
The skeletal warrior is heavily damaged.
You barely miss the skeletal warrior.
The skeletal warrior is heavily damaged.
The skeletal warrior hits you with a +0 flail of draining!!
You die...

. #.....############ #... ..
#.....##.....<...# ##... ...
#.....##.........###.... ....
#.....##.........#......
.....###.....##.........<..#...
#......###..###............####
#..z......#...........##
##....###z##..........#
##...##..Y..........##
....................#
............#.........#
#...##.)..............##
###..........#.........#
##.........#.........#
....................
........#.......... ..>
..........


You could see a skeletal warrior.

Vanquished Creatures
  A hydra (D:11)
  A tengu warrior (D:10)
  A troll (D:9)
  A queen bee (D:9)
  Sigmund (D:5)
  A wraith (D:9)
  A wyvern (D:10)
  3 steam dragons
  An acid dragon (D:10)
  Duvessa (D:4)
  3 water moccasins
  A hornet zombie (D:8)
  3 orc warriors
  2 ogres
  2 centaurs
  A phantom (D:5)
  Blork the orc (D:6)
  A kobold brigand (D:8)
  6 bullfrogs
  A wyvern zombie (D:8)
  6 necrophages
  7 scorpions
  6 wights
  Dowan (D:4)
  24 killer bees (D:9)
  A howler monkey (D:10)
  3 centaur zombies (D:8)
  2 jellies
  5 hounds
  A gnoll shaman (D:6)
  4 orc priests
  6 iguanas
  13 orc wizards
  Robin (D:2)
  12 adders
  18 gnolls
  2 shadow imps
  A white imp (D:7)
  2 ufetubi (D:5)
  3 worms
  3 dart slugs
  48 orcs
  2 bat zombies (D:7)
  9 endoplasms
  3 giant cockroaches
  22 goblins
  6 hobgoblins
  5 quokkas
  9 ball pythons
  4 bats
  5 frilled lizards
  13 kobolds
  5 rats
285 creatures vanquished.

Notes
Turn   | Place    | Note
-------+----------+-------------------------------------------
     0 | D:1      | kae the Draconian Transmuter began the quest for the Orb.
     0 | D:1      | Reached XP level 1. HP: 16/16 MP: 3/3
   389 | D:1      | Reached XP level 2. HP: 23/23 MP: 3/5
   413 | D:1      | Learned a level 2 spell: Wereblood
  1409 | D:2      | Reached XP level 3. HP: 28/28 MP: 2/6
  1414 | D:2      | Noticed Robin
  1419 | D:2      | Reached skill level 3 in Transmutations
  1425 | D:2      | Killed Robin
  1680 | D:1      | Learned a level 3 spell: Spider Form
  1701 | D:2      | Reached XP level 4. HP: 34/35 MP: 1/7
  2505 | D:2      | Found a faded altar of an unknown god.
  2512 | D:2      | Identified the +0 buckler of the Hot Ocelot {Harm Dex+4
                  | SInv}
  2665 | D:3      | Reached skill level 1 in Poison Magic
  2887 | D:3      | Reached XP level 5. HP: 33/40 MP: 9/9
  2988 | D:3      | Found a white marble altar of Elyvilon.
  3225 | D:3      | Reached skill level 4 in Transmutations
  3900 | D:4      | Noticed an ogre
  3923 | D:3      | Gained mutation: You have a beak for a mouth. [potion of
                  | mutation]
  3923 | D:3      | Gained mutation: A frigid envelope surrounds you and
                  | freezes all who hurt you. [potion of mutation]
  4254 | D:4      | Found an iron altar of Okawaru.
  4314 | D:4      | Reached XP level 6. HP: 41/47 MP: 10/10
  4394 | D:4      | Reached skill level 5 in Transmutations
  4648 | D:4      | Noticed Dowan
  4662 | D:4      | Killed Dowan
  4878 | D:4      | Noticed Duvessa
  4949 | D:4      | Learned a level 4 spell: Ice Form
  5166 | D:4      | Found a broken altar of Ashenzari.
  5261 | D:4      | Reached skill level 1 in Ice Magic
  5261 | D:4      | Your scales start taking on a pale cyan-grey colour.
  5261 | D:4      | Reached XP level 7. HP: 47/52 MP: 8/12
  5261 | D:4      | Gained mutation: You are immune to the effects of steam.
                  | [Pale Draconian growth]
  5403 | D:4      | Found an opulent altar of Gozag.
  5512 | D:4      | Killed Duvessa
  5894 | D:4      | Reached skill level 5 in Unarmed Combat
  6015 | D:4      | Reached skill level 6 in Transmutations
  6231 | D:4      | Found Ybbab's Weapon Emporium.
  6272 | D:5      | Entered Level 5 of the Dungeon
  6415 | D:5      | Reached XP level 8. HP: 59/59 MP: 14/14
  6556 | D:5      | Noticed Sigmund
  6564 | D:5      | Killed Sigmund
  6795 | D:5      | Reached skill level 7 in Transmutations
  7012 | D:5      | Found a staircase to the Ecumenical Temple.
  7062 | D:5      | Reached skill level 5 in Spellcasting
  7098 | Temple   | Entered the Ecumenical Temple
  7645 | D:6      | Found a snail-covered altar of Cheibriados.
  7720 | D:6      | Reached skill level 8 in Transmutations
  7721 | D:6      | Reached XP level 9. HP: 64/64 MP: 11/16
  7852 | D:6      | Found a sparkling altar of Nemelex Xobeh.
  8060 | D:6      | Noticed Blork the orc
  8069 | D:6      | Killed Blork the orc
  8732 | D:7      | Found a glowing silver altar of Zin.
  8745 | D:7      | Found a radiant altar of Vehumet.
  8843 | D:7      | Found a sacrificial altar of Ru.
  8872 | D:7      | Reached skill level 9 in Transmutations
  8878 | D:7      | Became a worshipper of Ru the Awakened
  9185 | D:7      | Found Maveul's Weapon Shop.
  9227 | D:7      | Found a shadowy altar of Dithmenos.
  9503 | D:7      | Found an ancient bone altar of Kikubaaqudgha.
  9834 | D:8      | Reached skill level 10 in Transmutations
  9938 | D:8      | Reached XP level 10. HP: 71/71 MP: 15/19
 10072 | D:8      | Gained mutation: You are slightly weak-willed. (Will-) [Ru
                  | sacrifice]
 10072 | D:8      | Reached * piety under Ru
 10913 | D:9      | You fall into a shaft and drop 1 floor!
 10913 | D:10     | Entered Level 10 of the Dungeon
 10923 | D:10     | Found a blossoming altar of Fedhas.
 10938 | D:10     | Noticed a tengu warrior
 10948 | D:10     | Killed a tengu warrior
 10949 | D:10     | Reached skill level 5 in Fighting
 11094 | D:10     | Reached skill level 5 in Dodging
 11519 | D:10     | Identified 2 scrolls of acquirement
 11519 | D:10     | Acquired 660 gold pieces
 11521 | D:10     | Acquired the ring "Hyviciw" {Fly SInv}
 12053 | D:11     | Noticed an eight-headed hydra
 12060 | D:11     | Killed an eight-headed hydra
 12061 | D:11     | Reached XP level 11. HP: 64/92 MP: 16/20
 12142 | D:11     | Noticed a skeletal warrior
 12162 | D:11     | Mangled by a skeletal warrior

Illustrated notes

Levels and vault maps discovered:
D:1:      ncdulo_watergridlock, layout_basic, minmay_close_crescents
D:2:      layout_rooms, shapermc_ecumenical_altar_pompeii,
          wander_ebering_terrifying_dragon_lair, uniq_robin
D:3:      layout_basic, elyvilon_altar_1, minmay_divided_ellipse
D:4:      layout_gridville, mainiacjoe_overflow_surrounded_room,
          kennysheep_mini, kennysheep_okawaru_gauntlet, serial_shops,
          kennysheep_mini_moat, uniq_duvessa
D:5:      minmay_polygon_palace, layout_loops_ring, minmay_temple_entry_fiery,
          hex_large, minmay_misc_feat_encased, uniq_sigmund
D:6:      layout_rooms, mainiacjoe_overflow_tiny_flanked,
          mainiacjoe_overflow_cross_hatched, lightli_minifort,
          uniq_blork_the_orc
D:7:      layout_cave_pools, mainiacjoe_overflow_large_starburst,
          overflow_temple_1_default, lemuel_zombie_altar_kikubaaqudgha,
          kennysheep_little_box, serial_shops, nicolae_shop_behind_doors
D:8:      layout_gridville, serial_undead, serial_undead_d, serial_undead_d,
          serial_undead_d, serial_undead_a
D:9:      layout_roguey [special_room_bee]
D:10:     layout_loops_ring, fedhas_altar_1
D:11:     layout_rooms, lair_entry_dummy, uniq_urug
Temple:   eino_temple_lava

Skill      XL: |  1  2  3  4  5  6  7  8  9 10 |
---------------+-------------------------------+-----
Transmutations | 3 4 5 6 8 10 | 10.1
Poison Magic   | 1 |  1.0
Spellcasting   | 3 4 5 6 |  6.5
Unarmed Combat | 4 5 6 7 |  7.5
Ice Magic      | 1 3 4 |  4.0
Dodging        | 6 |  6.1
Fighting       | 7 |  7.0

Action                   |  1- 3 |  4- 6 |  7- 9 | 10-12 || total
-------------------------+-------+-------+-------+-------++-------
Melee: Unarmed           |    80 |   169 |   243 |   126 ||   618
       Kick              |    16 |    22 |       |       ||    38
       Headbutt          |     5 |    10 |       |       ||    15
       Punch             |     3 |     7 |     1 |       ||    11
       Tailslap          |     4 |     7 |       |       ||    11
       Peck              |       |       |       |     1 ||     1
 Cast: Beastly Appendage |    20 |    30 |       |       ||    50
       Wereblood         |     2 |     1 |     1 |       ||     4
       Spider Form       |     1 |    10 |     9 |       ||    20
       Ice Form          |       |     1 |    34 |    18 ||    53
Invok: Sacrifice Essence |       |       |       |     1 ||     1
 Abil: Breathe Steam     |       |       |     5 |       ||     5
  Use: Scroll            |       |     8 |     7 |     6 ||    21
       Potion            |       |     2 |     1 |     2 ||     5
 Stab: Distracted        |       |       |       |     1 ||     1
Armor: Skin              |    20 |    55 |    78 |    37 ||   190
Dodge: Dodged            |    49 |   100 |   127 |    65 ||   341

Table legend: (Time is in decaauts)
 A = Elapsed time spent in this place.
 B = Non-inter-level travel time spent in this place.
 C = Inter-level travel time spent in this place.
 D = Time resting spent in this place.
 E = Time spent auto-exploring this place.
 F = Levels seen in this place.
 G = Mean time per level.
                   A        B        C        D        E       F      G
               +--------+--------+--------+--------+--------+-----+--------+
         Total |  12106 |  11709 |    397 |   1134 |   8823 |  12 | 1008.8 |
       Dungeon |  11931 |  11541 |    390 |   1134 |   8658 |  11 | 1084.6 |
        Temple |    174 |    168 |      6 |      0 |    165 |   1 |  174.0 |
               +--------+--------+--------+--------+--------+-----+--------+

Top non-repeatable levels by time:
     D:4: 2031 daAuts
     D:3: 1678 daAuts
     D:1: 1355 daAuts
     D:2: 1191 daAuts
     D:5: 1191 daAuts
     D:7: 1123 daAuts
     D:8: 1033 daAuts
     D:6: 786 daAuts
    D:10: 752 daAuts
     D:9: 681 daAuts
  Temple: 174 daAuts
    D:11: 107 daAuts
